 Dungeon Crawl Stone Soup version 0.27.1-34-g3ba077fa99 (console) character file.

Game seed: 6681149049442872685

137 Banquo the Cutter (level 5, -4/40 HPs)
             Began as a Djinni Chaos Knight on Jan 6, 2022.
             Was an Initiate of Ashenzari.
             Slain by Menkaure (20 damage)
             ... on level 4 of the Dungeon.
             The game lasted 00:09:48 (4007 turns).

Banquo the Cutter (Djinni Chaos Knight)             Turns: 4007, Time: 00:09:48

Health: -4/40      AC:  7    Str: 11    XL:     5   Next: 43%
Gold:   196        EV: 12    Int: 15    God:    Ashenzari [......] SH:  0 Dex: 18

rFire    + + .     SeeInvis .   a - +0 dagger (venom)
rCold    x . .     Faith    .   (no shield)
rNeg     . . .     Spirit   +   d - +2 leather armour
rPois    ∞         Reflect  .   h - +1 hat
rElec    .         Harm     .   (no cloak)
rCorr    .         Rampage  .   g - +0 pair of gloves
Will     +....                  (boots unavailable)
Stlth    +++.......             k - amulet of guardian spirit
HPRegen  0.13/turn              (no ring)
MPRegen  0.00/turn              (no ring)

@: flying, very slightly contaminated
A: sickness immunity, fire resistance 2, cold vulnerability 1, float, innate
caster, hp casting, extra vitality 1, thin skeletal structure 2, agile 1,
strong-willed 1, evolution 1
a: Renounce Religion


You were on level 4 of the Dungeon.
You worshipped Ashenzari.
Ashenzari was noncommittal.
You visited 1 branch of the dungeon, and saw 4 of its levels.

You collected 196 gold pieces.

Inventory:

Hand Weapons
 a - a +0 dagger of venom (weapon)
 b - a +0 short sword of chaos
 m - a +0 war axe
 o - a +0 spear
Missiles
 c - 43 stones (quivered)
 q - 3 silver javelins
Armour
 d - a +2 leather armour (worn)
 g - a +0 pair of gloves (worn)
 h - a +1 hat (worn)
 p - a +0 hat
 r - a +0 helmet
Jewellery
 k - an amulet of guardian spirit (around neck)
Wands
 j - a wand of digging (6)
 l - a wand of acid (11)
Scrolls
 e - 2 scrolls of teleportation
 n - a scroll of fog
Potions
 f - a potion of heal wounds
 i - a potion of lignification


   Skills:
 + Level 3.6 Fighting
 + Level 3.6 Short Blades
 * Level 2.7 Armour
 - Level 2.1 Dodging
 * Level 1.2 Spellcasting


You had 3 spell levels left.
You knew the following spells:

 Your Spells              Type           Power      Damage    Failure   Level
a - Foxfire               Conj/Fire      16%        2x1d4     19%         1
b - Ensorcelled Hibernat  Hex/Ice        8%         N/A       26%         2
Your spell library was empty.

Dungeon Overview and Level Annotations

Branches:
Dungeon (4/15)
 Temple: D:4-7

Altars:
Ashenzari
Kikubaaqudgha
Trog

Annotations:
D:4 Eustachio, Menkaure


Innate Abilities, Weirdness & Mutations

You are immune to sickness and miasma.
You are immune to poison.
Your flesh is very heat resistant. (rF++)
You are vulnerable to cold. (rC-)
You float through the air rather than walking.
You learn spells naturally, not from books.
Your magical power is your life essence.
You have superior vitality. (+4 HP)
You have a moderately thin skeletal structure. (Dex +4, Stealth++)
You are agile. (Dex +2)
You are strong-willed. (Will+)
You evolve.


Message History

Your foxfire dissipates!
Menkaure gestures wildly while chanting.
Menkaure seems to speed up.
Menkaure calls on the powers of darkness!
Your body is wracked with pain!
Unknown command.
Casting: Foxfire (safe; 19% risk of failure)
Confirm with . or Enter, or press ? or * to list all spells.
You conjure some foxfire!
The foxfire hits Menkaure.
Menkaure is burned terribly!
Menkaure is lightly damaged.
Menkaure grins.
Your foxfire dissipates!
Casting: Foxfire (safe; 19% risk of failure)
Confirm with . or Enter, or press ? or * to list all spells.
You miscast Foxfire.
Nothing appears to happen.
The foxfire hits Menkaure.
Menkaure is lightly damaged.
The foxfire hits Menkaure but does no damage.
Menkaure is lightly damaged.
Casting: Foxfire (safe; 19% risk of failure)
Confirm with . or Enter, or press ? or * to list all spells.
You miscast Foxfire.
Nothing appears to happen.
Menkaure gestures at you while chanting.
You resist with some effort.
Casting: Foxfire (safe; 19% risk of failure)
Confirm with . or Enter, or press ? or * to list all spells.
You conjure some foxfire!
Menkaure whispers drily.
Menkaure casts a spell at you. You resist with some effort.
The foxfire hits Menkaure.
Menkaure is burned terribly!
Menkaure is moderately damaged.
The foxfire hits Menkaure.
Menkaure is burned terribly!
Menkaure is heavily damaged.
Menkaure says, "Why can't you leave me to my rest?"
Casting: Foxfire (safe; 19% risk of failure)
Confirm with . or Enter, or press ? or * to list all spells.
You conjure some foxfire!
Menkaure hits you!!
Ouch! That really hurt!
You die...

#.#.#.####.#...#
..#####.#.#.##.#.##.##
............##...##.#
#.#####.####.>##.##.##
#.# #..##...... #.#
..##...##### ##.#.#.
#.#.# ##v.# ## ###.# #
#@§.# #.# # #.Mv§.#
#.# #...#§..# #.#####
##.###...[ #.. ... ...
#.#### ... .. .## #.#
# . #.. #### ### #...
#.##


You could see Menkaure (fast, ally target).

Vanquished Creatures
  A gnoll (D:1)
  4 adders (D:2)
  A worm (D:3)
  2 dart slugs
  3 orcs (D:3)
  3 ball pythons
  2 bats (D:1)
  2 endoplasms (D:1)
  4 giant cockroaches
  6 goblins
  7 hobgoblins
  6 kobolds
  A quokka (D:3)
  A frilled lizard (D:3)
  2 rats (D:1)
45 creatures vanquished.

Vanquished Creatures (collateral kills)
  4 gnolls (D:3)
  A worm (D:3)
  A frilled lizard (D:3)
6 creatures vanquished.

Vanquished Creatures (others)
  133 foxfires
133 creatures vanquished.

Grand Total: 184 creatures vanquished

Notes
Turn   | Place    | Note
-------+----------+-------------------------------------------
     0 | D:1      | Banquo the Djinni Chaos Knight began the quest for the Orb.
     0 | D:1      | Reached XP level 1. HP: 20/20 MP: 0/0
    31 | D:1      | XOM: divination: detect items
    97 | D:1      | XOM: potion effect (invisibility)
    98 | D:1      | Reached XP level 2. HP: 8/25 MP: 0/0
   187 | D:1      | XOM: silly message
   374 | D:1      | XOM: god gift: shortbow {god gift}
   389 | D:1      | XOM: noise
   661 | D:1      | XOM: cloud trail
   668 | D:1      | Reached XP level 3. HP: 28/30 MP: 0/0
   668 | D:1      | Learned a level 1 spell: Foxfire
   796 | D:1      | XOM: 1-stop teleportation journey
  1647 | D:2      | Reached XP level 4. HP: 32/35 MP: 0/0
  2141 | D:2      | Found a faded altar of an unknown god.
  2603 | D:2      | XOM: give mutations
  2603 | D:2      | Gained mutation: You are strong-willed. (Will+) [Xom's
                  | grace]
  2603 | D:2      | Gained mutation: You evolve. [Xom's grace]
  2603 | D:2      | Gained mutation: You have a somewhat thin skeletal
                  | structure. (Dex +2, Stealth+) [Xom's grace]
  2642 | D:2      | XOM: god gift: 7 bolts
  2772 | D:3      | XOM: scenery: summon butterflies
  2828 | D:3      | XOM: summons friendly iron imp
  2837 | D:3      | Reached XP level 5. HP: 37/40 MP: 0/0
  2837 | D:3      | Learned a level 2 spell: Ensorcelled Hibernation
  2895 | D:3      | Reached skill level 1 in Spellcasting
  2924 | D:3      | XOM: scenery: 1 doors open
  2970 | D:3      | Found a broken altar of Ashenzari.
  2970 | D:3      | XOM: 9-stop teleportation journey
  3036 | D:3      | XOM: 1-stop teleportation journey
  3146 | D:2      | XOM: give mutations
  3146 | D:2      | Gained mutation: You are agile. (Dex +2) [Xom's grace]
  3146 | D:2      | Gained mutation: You have a moderately thin skeletal
                  | structure. (Dex +4, Stealth++) [Xom's grace]
  3177 | D:3      | Fell from the grace of Xom
  3177 | D:3      | Became a worshipper of Ashenzari the Shackled
  3657 | D:3      | Found a bloodstained altar of Trog.
  3928 | D:4      | Noticed Eustachio
  3993 | D:4      | Noticed Menkaure
  4007 | D:4      | Slain by Menkaure

Illustrated notes

Levels and vault maps discovered:
D:1:      wheals_arrival_linesprint, layout_loops_ring, minivault_23
D:2:      layout_loops_corners, ebering_ecumenical_altar_hall,
          kennysheep_minor_cross, st_stairs_7
D:3:      layout_rooms, evilmike_ruin_ashenzari, mainiacjoe_overflow_alcove_4,
          nicolae_kikubaaqudgha_miasma_corner, kennysheep_generic_room_10
D:4:      layout_loops_ring, st_stairs_7, chequers_serial_rivers_small_3,
          hangedman_decor_points, uniq_eustachio, uniq_menkaure, uniq_natasha

Skill      XL: |  1  2  3  4  5 |
---------------+----------------+-----
Short Blades   | 3 |  3.6
Armour         | 2 |  2.7
Spellcasting   | 1 |  1.2
Fighting       | |  3.6
Dodging        | |  2.1

Action                   |  1- 3 |  4- 6 || total
-------------------------+-------+-------++-------
Melee: Short sword       |    31 |       ||    31
       Dagger            |    45 |    17 ||    62
 Cast: Foxfire           |    10 |    69 ||    79
 Stab: Invisible         |     1 |       ||     1
Armor: Leather armour    |    32 |     7 ||    39
Dodge: Dodged            |    28 |    19 ||    47
